 Dungeon Crawl Stone Soup version 0.28-a0-445-g51f8dfeb47 (webtiles) character file.

Game seed: 14248007930893427756

1181 GordonOverkill the Fighter (level 8, -4/43 HPs)
             Began as a Felid Necromancer on Sept 13, 2021.
             Was a Believer of Ashenzari.
             Slain by a yak (11 damage)
             ... on level 10 of the Dungeon.
             The game lasted 00:31:49 (16465 turns).

GordonOverkill the Fighter (Felid Necromancer)     Turns: 16465, Time: 00:31:50

Health: -4/43      AC:  2    Str:  4    XL:     8   Next: 19%
Magic:  31/31      EV: 17    Int: 20    God:    Ashenzari [**....]
Gold:   634        SH:  0    Dex: 17    Spells: 17/26 levels left
                                        Lives:  0   Deaths: 3

rFire   . . .      SeeInvis +   (weapon unavailable)
rCold   . . .      Faith    .   (shield unavailable)
rNeg    . . .      Spirit   .   (armour unavailable)
rPois   .          Reflect  .   (helmet unavailable)
rElec   .          Harm     .   (cloak unavailable)
rCorr   .          Rampage  .   (gloves unavailable)
Will    +....                   (boots unavailable)
Stlth   ++........              e - amulet of magic regeneration
HPRegen 0.14/turn               a - ring of Cremastomancy {MP+9, Bglg, Self} (curse)
MPRegen 0.47/turn               b - ring of wizardry

@: quick
A: very small, claws 1, fangs 3, see invisible, speed 1, shaggy fur 2, stealthy
paws, no weapons or thrown items, no armour, multi-lived
a: Renounce Religion, Curse Item, Shatter the Chains


You were on level 10 of the Dungeon.
You worshipped Ashenzari.
Ashenzari was pleased with you.
You visited 2 branches of the dungeon, and saw 11 of its levels.

You collected 634 gold pieces.

Inventory:

Jewellery
 a - the cursed ring of Cremastomancy (left paw) {MP+9, Bglg, Self}
   (You found it on level 1 of the Dungeon)

   [ring of magical power]

   MP:        It affects your magic capacity (+9).
   It has a curse which improves the following skills: Beguiling: Conjurations,
   Hexes and Translocations.
   Introspection: Fighting and Spellcasting.
 b - a ring of wizardry (right paw)
 d - a ring of wizardry
 e - an amulet of magic regeneration (around neck)
 m - an amulet of faith
 q - an amulet of reflection
 v - a +4 ring of slaying
Wands
 n - a wand of iceblast (19)
 t - a wand of flame (25)
Scrolls
 g - a scroll of amnesia
 h - 5 scrolls of teleportation
 i - a scroll of vulnerability
 j - a scroll of magic mapping
 r - 2 scrolls of silence
Potions
 c - a potion of brilliance
 f - a potion of haste
 k - a potion of cancellation
 l - a potion of flight
 o - 2 potions of heal wounds
 p - 2 potions of mutation
 s - 2 potions of lignification
 u - 4 potions of curing


   Skills:
 - Level 8.7(10.2) Fighting
 - Level 2.6 Dodging
 - Level 2.6 Stealth
 - Level 8.3(9.8) Spellcasting
 + Level 3.9(5.2) Conjurations
 - Level 4.0 Necromancy
 + Level 3.8 Ice Magic
 + Level 3.9 Air Magic
 - Level 3.0 Evocations


You had 17 spell levels left.
You knew the following spells:

 Your Spells              Type           Power      Damage    Failure   Level
a - Pain                  Necr           100%       1d9       1%          1
b - Vampiric Draining     Necr           12%        2d7       1%          3
c - Freezing Cloud        Conj/Ice/Air   13%        6-21      13%         5

Your spell library contained the following spells:

 Spells                   Type           Power      Damage    Failure   Level
 Animate Skeleton         Necr           50%        N/A       1%          1
 Magic Dart               Conj           100%       1d8       1%          1
 Ensorcelled Hibernation  Hex/Ice        34%        N/A       1%          2
 Dazzling Flash           Conj/Hex       40%        N/A       2%          3
 Mephitic Cloud           Conj/Pois/Air  22%        N/A       2%          3
 Blink                    Tloc           N/A        N/A       4%          2
 Call Imp                 Summ           9%         N/A       4%          2
 Animate Dead             Necr           12%        N/A       6%          4
 Ignite Poison            Fire/Tmut/Pois 9%         N/A       9%          3
 Spider Form              Tmut/Pois      4%         N/A       9%          3
 Iskenderun's Mystic Bla  Conj/Tloc      20%        2d6       9%          4
 Agony                    Necr           25%        N/A       16%         5
 Manifold Assault         Tloc           10%        N/A       56%         5
 Starburst                Conj/Fire      10%        6d5       78%         6
 Storm Form               Tmut/Air       8%         N/A       100%        7


Dungeon Overview and Level Annotations

Branches:
Dungeon (10/15)            Temple (1/1) D:5             Orc (0/2) D:9
   Lair: D:8-11

Altars:
Ashenzari
Cheibriados
Dithmenos
Elyvilon
Fedhas
Gozag
Hepliaklqana
Kikubaaqudgha
Makhleb
Nemelex Xobeh
Okawaru
Qazlal
Ru
Trog
Uskayaw
Vehumet
Wu Jian
Xom
Yredelemnul
Zin
The Shining One

Shops:
D:9 [

Annotations:
D:5 1 runed translucent door, MirrMurr's ghost, weakling GnDe
D:6 3 runed translucent doors, Heedrag's ghost, novice MiFi
D:9 Erica; Harold


Innate Abilities, Weirdness & Mutations

You have sharp claws.
You have razor-sharp teeth.
You have supernaturally acute eyesight. (SInv)
You cover ground quickly. (Speed+)
You are covered in thick fur. (AC +2)
Your paws help you pounce on unaware monsters.
You are incapable of wielding weapons or throwing items.
You cannot wear armour.
You gain extra lives every three experience levels.


Message History

* * * LOW HITPOINT WARNING * * *
You are too injured to fight recklessly!
You scratch the yak but do no damage.
The yak is lightly wounded.
The yak gores you!
* * * LOW HITPOINT WARNING * * *
You are too injured to fight recklessly!
You scratch the yak.
The yak is moderately wounded.
The yak closely misses you.
You are too injured to fight recklessly!
You scratch the yak.
The yak is moderately wounded.
The yak completely misses you.
You are too injured to fight recklessly!
You scratch the yak.
The yak is moderately wounded.
The yak misses you.
You are too injured to fight recklessly!
You barely miss the yak.
The yak is moderately wounded.
The yak completely misses you.
You are too injured to fight recklessly!
You scratch the yak but do no damage.
The yak is moderately wounded.
The yak snorts and paws the ground.
The yak completely misses you.
You are too injured to fight recklessly!
You barely miss the yak.
The yak is moderately wounded.
The yak misses you.
You are too injured to fight recklessly!
You closely miss the yak.
The yak is moderately wounded.
The yak gores you.
* * * LOW HITPOINT WARNING * * *
You scratch the yak but do no damage.
The yak is moderately wounded.
The yak gores you!
You die...

###########...#....#'###........
......................##........
......................##........,
......................+.........
................##.##.#.#+#####.,
..............####.####.#..#
..............##..## ##.#..# *
...........#####.## #.....## ,
...........# #@#, ##.#...###.#
...........# ##Y# ##.###......
...........# ##, #......###..
.......†...# * * ######..##..
.####+##Z### *,, #...........
.####.##.# #######.####
......##.# ............
########.# * #.#####...## #.# * ,
##..#


You could see a yak.

Vanquished Creatures
  Maggie (D:9)
  Prince Ribbit (D:6)
  8 yaks
  A steam dragon (D:9)
  An acid dragon (D:9)
  2 water moccasins
  An orc warrior (D:9)
  2 sky beasts
  An ice beast (D:6)
  4 ogres
  5 centaurs
  A phantom (D:5)
  A kobold brigand (D:8)
  4 bullfrogs
  A wight (D:8)
  2 electric eels (D:10)
  A howler monkey (D:9)
  A centaur zombie (D:9)
  3 hounds
  2 bullfrog zombies
  A jelly (D:5)
  3 orc priests
  A bullfrog skeleton (D:6)
  A centaur skeleton (D:6)
  Ijyb (D:5)
  3 iguanas
  6 orc wizards
  A hound skeleton (D:4)
  3 gnolls (D:4)
  7 adders
  A shadow imp (D:5)
  A white imp (D:8)
  2 worms
  3 dart slugs
  31 orcs
  7 ball pythons
  11 endoplasms
  8 giant cockroaches
  9 goblins
  7 hobgoblins
  6 jackals
  3 quokkas
  3 bats
  3 frilled lizards
  17 kobolds
  15 rats
197 creatures vanquished.

Notes
Turn   | Place    | Note
-------+----------+-------------------------------------------
     0 | D:1      | GordonOverkill the Felid Necromancer began the quest for
                  | the Orb.
     0 | D:1      | Reached XP level 1. HP: 7/7 MP: 4/4
    41 | D:1      | Found a faded altar of an unknown god.
   305 | D:1      | Reached skill level 1 in Fighting
   582 | D:1      | Reached XP level 2. HP: 11/12 MP: 6/6
  1716 | D:1      | Reached XP level 3. HP: 13/16 MP: 8/8
  1785 | D:1      | Learned a level 3 spell: Vampiric Draining
  3443 | D:2      | Reached XP level 4. HP: 15/20 MP: 9/9
  3956 | D:2      | Slain by an orc
  3957 | D:2      | Reached XP level 3. HP: -1/16 MP: 9/17
  4397 | D:3      | Reached XP level 4. HP: 13/21 MP: 7/10
  4574 | D:3      | Found a glowing drain.
  5251 | D:3      | Reached XP level 5. HP: 22/25 MP: 9/12
  6913 | D:4      | Gained mutation: You are covered in thick fur. (AC +2)
                  | [Felid growth]
  6913 | D:4      | Reached XP level 6. HP: 28/28 MP: 9/13
  7690 | D:4      | Found a shimmering altar of Xom.
  7916 | D:4      | Reached skill level 5 in Spellcasting
  8099 | D:4      | Reached skill level 5 in Fighting
  8151 | D:4      | Reached XP level 7. HP: 33/33 MP: 15/15
  8437 | D:4      | Found an iron altar of Okawaru.
  8463 | D:5      | Entered Level 5 of the Dungeon
  8527 | D:5      | Found a runed translucent door.
  8959 | D:5      | Found a staircase to the Ecumenical Temple.
  9027 | Temple   | Entered the Ecumenical Temple
  9430 | Temple   | Became a worshipper of Ashenzari the Shackled
  9717 | D:5      | Noticed Ijyb
 10545 | D:5      | Killed Ijyb
 10581 | D:5      | Reached skill level 1 in Evocations
 10581 | D:5      | Reached XP level 8. HP: 39/39 MP: 18/18
 10904 | D:5      | Noticed MirrMurr's ghost (weakling GnDe)
 11242 | D:6      | Noticed Prince Ribbit
 11254 | D:6      | Killed Prince Ribbit
 11689 | D:6      | Found a runed translucent gate.
 12092 | D:6      | Found a runed translucent gate.
 12092 | D:6      | Found a runed translucent gate.
 12094 | D:6      | Found an opulent altar of Gozag.
 12250 | D:6      | Noticed Heedrag's ghost (novice MiFi)
 12633 | D:7      | Reached XP level 9. HP: 34/44 MP: 14/21
 13471 | D:7      | Learned a level 5 spell: Freezing Cloud
 14145 | D:8      | Reached skill level 1 in Conjurations
 14145 | D:8      | Reached skill level 1 in Ice Magic
 14145 | D:8      | Reached skill level 1 in Air Magic
 14414 | D:8      | Reached * piety under Ashenzari
 14414 | D:8      | Reached ** piety under Ashenzari
 14638 | D:9      | Found a staircase to the Orcish Mines.
 14638 | D:9      | Found Luroab's Armour Shoppe.
 14895 | D:9      | Noticed Maggie
 14902 | D:9      | Killed Maggie
 15603 | D:9      | Noticed Harold
 15653 | D:9      | Noticed Erica
 15912 | D:10     | Entered Level 10 of the Dungeon
 15912 | D:10     | Found a basalt altar of Yredelemnul.
 15912 | D:10     | Found an ancient bone altar of Kikubaaqudgha.
 15913 | D:10     | Found a hide-covered altar of Uskayaw.
 15913 | D:10     | Found a bloodstained altar of Trog.
 15916 | D:10     | Found a blossoming altar of Fedhas.
 15939 | D:10     | Reached XP level 10. HP: 51/51 MP: 15/24
 16156 | D:9      | Paralysed by Harold for 2 turns
 16162 | D:9      | Paralysed by Harold for 6 turns
 16179 | D:10     | Killed from afar by an electric eel
 16180 | D:10     | Reached XP level 9. HP: -1/46 MP: 32/32
 16393 | D:10     | Slain by a meliai zombie
 16394 | D:10     | Reached XP level 8. HP: -4/43 MP: 31/31
 16465 | D:10     | Slain by a yak

Illustrated notes

Levels and vault maps discovered:
D:1:      scummos_arrival_hexagon, layout_basic, ebering_ecumenical_altar_mist
D:2:      layout_basic, nrook_loot_triangle
D:3:      layout_basic, gup_sewer_entry_spiral, st_stairs_11
D:4:      layout_gridville, mainiacjoe_overflow_big_doors, chequers_garden,
          hangedman_decor_clover_reticule
D:5:      layout_rooms, temple_fountains, ebering_ghost_sewer_d, uniq_ijyb
D:6:      layout_rooms, ebering_ghost_gozag, uniq_prince_ribbit1
D:7:      layout_rooms
D:8:      layout_loops_corners
D:9:      layout_stronghold, orc_david_3, gammafunk_ghost_hive, uniq_erica,
          uniq_maggie, uniq_harold
D:10:     gammafunk_mikee_crab_dinner, layout_basic, grunt_temple_overflow_open,
          marbit_many_paths, chequers_decorated_corner
Temple:   minmay_temple_curvy_branch

Skill      XL: |  1  2  3  4  5  6  7  8  9 |
---------------+----------------------------+-----
Fighting       | 1 3 4 5 6 8 |  8.7
Spellcasting   | 3 4 5 6 7 8 |  8.3
Evocations     | 1 3 |  3.0
Conjurations   | 3 |  3.9
Ice Magic      | 3 |  3.8
Air Magic      | 3 |  3.9
Dodging        | |  2.6
Stealth        | |  2.6
Necromancy     | |  4.0

Action                   |  1- 3 |  4- 6 |  7- 9 | 10-12 || total
-------------------------+-------+-------+-------+-------++-------
Melee: Unarmed           |     6 |    17 |   122 |     2 ||   147
       Bite              |       |     3 |    15 |       ||    18
 Cast: Pain              |   114 |   116 |   124 |       ||   354
       Vampiric Draining |     5 |    31 |    90 |    23 ||   149
       Freezing Cloud    |       |       |     1 |       ||     1
Invok: Curse Item        |       |       |     1 |       ||     1
Evoke: Wand              |       |       |    30 |     3 ||    33
  Use: Scroll            |     2 |     3 |       |     2 ||     7
       Potion            |       |       |     4 |     2 ||     6
 Stab: Sleeping          |     5 |     1 |     2 |       ||     8
Armor: Skin              |     2 |     5 |    45 |     3 ||    55
Dodge: Dodged            |    22 |    47 |   210 |    32 ||   311

Table legend: (Time is in decaauts)
 A = Elapsed time spent in this place.
 B = Non-inter-level travel time spent in this place.
 C = Inter-level travel time spent in this place.
 D = Time resting spent in this place.
 E = Time spent auto-exploring this place.
 F = Levels seen in this place.
 G = Mean time per level.
                   A        B        C        D        E       F      G
               +--------+--------+--------+--------+--------+-----+--------+
         Total |  15065 |  14636 |    429 |   7496 |   4497 |  11 | 1369.5 |
       Dungeon |  14693 |  14297 |    396 |   7359 |   4298 |  10 | 1469.3 |
        Temple |    371 |    338 |     33 |    137 |    198 |   1 |  371.0 |
               +--------+--------+--------+--------+--------+-----+--------+

Top non-repeatable levels by time:
     D:4: 2610 daAuts
     D:3: 2340 daAuts
     D:1: 1968 daAuts
     D:2: 1860 daAuts
     D:8: 1309 daAuts
     D:9: 1307 daAuts
     D:5: 1232 daAuts
     D:6: 1091 daAuts
     D:7: 521 daAuts
    D:10: 452 daAuts
  Temple: 371 daAuts
